 Dungeon Crawl Stone Soup version 0.31-a0-844-gdc52ec4e09 (webtiles) character file.

Game seed: 17376915413580963723

26577 WINGSOFCHICKEN the Bludgeoner (level 12, 0/113 HPs)
             Began as a Minotaur Berserker on Sept 30, 2023.
             Was an Elder of Trog.
             Slain by a broodmother (27 damage)
             ... on level 1 of the Spider Nest on Oct 1, 2023.
             The game lasted 01:36:47 (13089 turns).

WINGSOFCHICKEN the Bludgeoner (Minotaur Berserker) Turns: 13089, Time: 01:36:53

Health: 0/113      AC: 25    Str: 23    XL:     12   Next: 99%
Magic:  9/9        EV: 10    Int:  3    God:    Trog [****..]
Gold:   841        SH:  5    Dex: 17    Spells: 11/11 levels left

rFire   . . .        R - +0 morningstar (antimagic)
rCold   . . .        L - orb {light}
rNeg    . . .        G - +0 plate armour
rPois   .            (helmet restricted)
rElec   .            D - +0 cloak
rCorr   .            Z - +2 pair of gloves {Stlth+}
SInv    .            n - +1 pair of boots
Will    ++...        t - amulet of reflection Stlth
                     o - ring of magical power
HPRegen 1.38/turn    O - ring of magical power
MPRegen 0.11/turn

%: random rage (3%), reflection
@: strong-willed, on berserk cooldown, regenerating, slowed, glowing, very slow
A: horns 2, retaliatory headbutt, agile 1, berserk 1
a: Renounce Religion, Berserk, Trog's Hand, Brothers in Arms


You were on level 1 of the Spider Nest.
You worshipped Trog.
Trog was greatly pleased with you.
You visited 3 branches of the dungeon, and saw 13 of its levels.
You also visited: Sewer and Ossuary.

You collected 889 gold pieces.
You spent 48 gold pieces at shops.

Inventory:

Hand Weapons
 y - a +1 whip of venom
 z - a +1 short sword of speed
 B - a +4 flail of protection
 J - a +4 heavy hand axe
 K - the +2 long sword of the Realm of Zot {pain, rElec rN+ Will+}
   (You found it on level 6 of the Dungeon)

   rElec:     It insulates you from electricity.
   rN+:       It protects you from negative energy.
   Will+:     It increases your willpower.
 M - a +1 whip of electrocution
 Q - a +3 heavy dire flail
 R - a +0 antimagic morningstar (weapon)
Missiles
 x - 19 poisoned darts (quivered)
 A - 2 curare-tipped darts
 C - a throwing net
Armour
 b - a +0 animal skin
 d - a +2 ring mail of poison resistance
 n - a +1 pair of boots (worn)
 D - a +0 cloak (worn)
 G - a +0 plate armour (worn)
 L - an orb of light (worn)
 T - a +0 troll leather armour
 Z - a +2 pair of gloves of stealth (worn)
Jewellery
 a - an amulet of the acrobat
 f - an amulet of magic regeneration
 o - a ring of magical power (left hand)
 q - an amulet of guardian spirit
 t - an amulet of reflection (around neck)
 O - a ring of magical power (right hand)
Wands
 u - a wand of charming (6)
 H - a wand of mindburst (16)
 V - a wand of light (11)
 W - a wand of iceblast (11)
 X - a wand of digging (8)
 Y - a wand of flame (4)
Scrolls
 c - 2 scrolls of immolation {unknown}
 j - a scroll of identify
 k - a scroll of enchant weapon {unknown}
 l - 8 scrolls of teleportation
 m - a scroll of summoning {unknown}
 r - a scroll of poison {unknown}
 s - 2 scrolls of fear {unknown}
 w - 3 scrolls of fog
 E - 2 scrolls of blinking {unknown}
 N - 2 scrolls of revelation {unknown}
 U - a scroll of vulnerability {unknown}
Potions
 e - 2 potions of mutation
 g - 5 potions of degeneration
 h - 3 potions of attraction
 i - a potion of cancellation
 p - 2 potions of ambrosia
 v - 10 potions of curing
 I - 2 potions of might
 P - 6 potions of lignification
Miscellaneous
 F - a lightning rod (4/4)


   Skills:
 + Level 12.6 Fighting
 + Level 4.4(12.0) Axes
 + Level 17.1(17.3) Maces & Flails
 + Level 3.1 Throwing
 + Level 16.5 Armour
 + Level 5.2 Dodging
 + Level 2.0 Stealth
 + Level 4.2 Shields


You had 11 spell levels left.
You didn't know any spells.
Your spell library was empty.

Dungeon Overview and Level Annotations

Branches:
Dungeon (10/15)            Temple (0/1) D:5            Lair (2/5) D:10
 Spider (1/4) Lair:2        Sewer (visited)         Ossuary (visited)
  Swamp: Lair:2-3    Shoals: Lair:2-3       Orc: D:9-12

Altars:
Ashenzari
Elyvilon
Fedhas
Gozag
Hepliaklqana
Okawaru
Qazlal
Ru
Sif Muna
Trog
Vehumet
Xom
Yredelemnul
Zin

Shops:
D:3 =   D:5 !


Innate Abilities, Weirdness & Mutations

You have a pair of horns on your head.
You reflexively headbutt those who attack you in melee.
You are agile. (Dex +4, Str/Int -1)
You sometimes lose your temper in combat.


Message History

The tarantella barely misses you. You furiously retaliate!
You headbutt the tarantella!
You feel a strong urge to attack something.
The culicivora chitters at the tarantella.
The tarantella's wounds heal themselves!
The jumping spider leaps!
The jumping spider leaps! x2
You feel your anger nearly subside.
You are no longer berserk.
You are exhausted.
You feel yourself slow down.
The tarantella attacks as it pursues you!
The tarantella touches you but does no damage.
You feel much better.
The jumping spider leaps!
The tarantella completely misses you. You furiously retaliate!
You headbutt the tarantella.
The culicivora chitters at the tarantella.
The tarantella's wounds heal themselves!
As you read the scroll of fog, it dissolves into smoke.
The jumping spider pounces on you.
You are caught in a web!
The jumping spider bites you.
The jumping spider pounces on you but does no damage.
The jumping spider bites you but does no damage.
The tarantella barely misses you.
The jumping spider pounces on you but does no damage.
The jumping spider bites you.
* * * LOW HITPOINT WARNING * * *
The web tears apart.
The tarantella touches you but does no damage.
You block the broodmother's attack.
The jumping spider leaps!
The tarantella touches you but does no damage.
You block the broodmother's attack. The tarantella touches you!
* * * LOW HITPOINT WARNING * * *
The jumping spider leaps!
The culicivora attacks as it pursues you!
The culicivora misses you.
The broodmother bites you but does no damage.
The tarantella touches you but does no damage.
The culicivora bites you but does no damage.
The broodmother bites you!!
You die...

#..#....##
## #...##
#...####
##.s○..##
##ss...#
#§§s§.##..
##ss§.....


#sss§s.s. #@s§.##.# #§§§§.# # ##.#### ### You could see a broodmother, an orb
spider (summoned, charged), a culicivora, a jumping spider (summoned) and 2
tarantellas.

Vanquished Creatures
  A two-headed ogre (D:10)
  2 tengu warriors (D:10)
  An orc knight (D:10)
  2 ugly things (D:10)
  4 elephants (Lair:1)
  A black mamba (Lair:2)
  Joseph (D:7)
  4 cane toads (Lair:2)
  A cane toad (shapeshifter) (D:10)
  A gargoyle (D:10)
  A kobold demonologist (D:10)
  3 komodo dragons
  A rime drake (shapeshifter) (D:10)
  3 trolls
  2 hornets
  Prince Ribbit (D:5)
  2 polar bears
  4 blink frogs (Lair:1)
  A jumping spider (Spider:1)
  A shadow (D:9)
  2 wraiths
  A basilisk (Lair:1)
  48 yaks
  Eustachio (D:5)
  Edmund (D:5)
  An acid dragon (D:9)
  4 water moccasins
  3 orc warriors
  A sky beast (D:6)
  4 ice beasts
  2 black bears
  An ogre (D:4)
  6 centaurs
  2 wolves (D:9)
  4 kobold brigands
  A phantom (D:7)
  13 bullfrogs
  6 scorpions
  3 water moccasin zombies (Ossuary)
  9 wights
  4 killer bees (D:7)
  An electric eel (Lair:1)
  3 howler monkeys
  2 hounds (D:7)
  2 jellies
  2 gnoll boudas
  9 orc priests
  2 iguanas
  A sleepcap (D:5)
  9 orc wizards
  5 hell rats (Lair:2)
  A centaur simulacrum (D:9)
  2 mummies (Ossuary)
  13 adders
  11 gnolls
  2 white imps
  A howler monkey simulacrum (D:9)
  3 ufetubi
  3 adder zombies (Ossuary)
  3 worms
  2 dart slugs
  29 orcs
  8 ball pythons
  3 bats (D:2)
  14 endoplasms
  8 giant cockroaches
  3 gnoll zombies (Ossuary)
  10 goblins
  7 hobgoblins
  5 jackals
  8 quokkas
  12 frilled lizards
  7 hobgoblin zombies (Ossuary)
  40 kobolds
  5 kobold zombies (Ossuary)
  4 orc zombies (Ossuary)
  7 rats
401 creatures vanquished.

Vanquished Creatures (collateral kills)
  Urug (Lair:1)
  An elephant (Lair:1)
  Maggie (D:7)
  A blink frog (Lair:1)
  5 yaks (Lair:2)
  A water moccasin (Lair:1)
  A sky beast (D:7)
  2 howler monkeys (D:7)
  An orc priest (D:9)
  An orc wizard (D:9)
  A white imp (D:9)
  2 orcs
18 creatures vanquished.

Grand Total: 419 creatures vanquished

Notes
Turn   | Place    | Note
-------+----------+-------------------------------------------
     0 | D:1      | WINGSOFCHICKEN the Minotaur Berserker began the quest for
                  | the Orb.
     0 | D:1      | Reached XP level 1. HP: 19/19 MP: 0/0
    74 | D:1      | Reached XP level 2. HP: 21/27 MP: 1/1
   203 | D:1      | Reached skill level 4 in Maces & Flails
   599 | D:2      | Reached XP level 3. HP: 32/33 MP: 2/2
  1268 | D:2      | Found a glowing silver altar of Zin.
  1278 | D:2      | Reached ** piety under Trog
  1659 | D:3      | Found Atson's Jewellery Boutique.
  1746 | D:3      | Reached XP level 4. HP: 41/41 MP: 3/3
  1778 | D:3      | Reached skill level 5 in Maces & Flails
  1834 | D:3      | Noticed a scorpion
  1850 | D:3      | Killed a scorpion
  1851 | D:3      | Reached XP level 5. HP: 46/47 MP: 4/4
  2269 | D:3      | Found a white marble altar of Elyvilon.
  2271 | D:3      | Found a bloodstained altar of Trog.
  2271 | D:3      | Found a radiant altar of Vehumet.
  2271 | D:3      | Found an iron altar of Okawaru.
  2289 | D:3      | Found a stormy altar of Qazlal.
  2289 | D:3      | Found a basalt altar of Yredelemnul.
  2570 | D:4      | Reached skill level 6 in Maces & Flails
  2704 | D:4      | Reached XP level 6. HP: 53/53 MP: 5/5
  2736 | D:4      | Reached skill level 5 in Fighting
  2838 | D:4      | Reached skill level 7 in Maces & Flails
  2997 | D:4      | Reached XP level 7. HP: 61/61 MP: 6/6
  4018 | D:5      | Entered Level 5 of the Dungeon
  4019 | D:5      | Noticed Prince Ribbit
  4030 | D:5      | Reached skill level 5 in Armour
  4036 | D:5      | Killed Prince Ribbit
  4037 | D:5      | Reached skill level 1 in Axes
  4201 | D:5      | Noticed Edmund
  4211 | D:5      | Reached skill level 8 in Maces & Flails
  4211 | D:5      | Reached XP level 8. HP: 48/70 MP: 7/7
  4215 | D:5      | Killed Edmund
  4380 | D:5      | Found Nazedume's Distillery.
  4395 | D:5      | Bought a potion of degeneration for 12 gold pieces
  4395 | D:5      | Bought a potion of curing for 36 gold pieces
  4483 | D:5      | Noticed Eustachio
  4517 | D:5      | Killed Eustachio
  4684 | D:5      | Found a staircase to the Ecumenical Temple.
  4807 | D:5      | Found a shimmering altar of Xom.
  4899 | D:5      | Reached *** piety under Trog
  4986 | D:5      | Found a blossoming altar of Fedhas.
  5208 | D:6      | Reached skill level 9 in Maces & Flails
  5243 | D:6      | Found a glowing drain.
  5252 | Sewer    | Entered a sewer
  5528 | Sewer    | Reached **** piety under Trog
  5529 | Sewer    | Reached XP level 9. HP: 77/78 MP: 8/8
  5584 | D:6      | Found a hazy altar of Hepliaklqana.
  5687 | D:6      | Identified the +2 long sword of the Realm of Zot {pain,
                  | rElec rN+ Will+}
  6250 | D:7      | Reached skill level 10 in Maces & Flails
  6374 | D:7      | Noticed Maggie
  6396 | D:7      | Killed Maggie
  6397 | D:7      | Reached skill level 10 in Armour
  6658 | D:7      | Reached skill level 11 in Maces & Flails
  6658 | D:7      | Reached skill level 5 in Dodging
  6876 | D:7      | Found a sand-covered staircase.
  6883 | Ossuary  | Entered an ossuary
  7153 | D:7      | Reached ***** piety under Trog
  7156 | D:7      | Reached XP level 10. HP: 88/88 MP: 9/9
  7174 | D:7      | Received a gift from Trog
  7219 | D:7      | Noticed Joseph
  7229 | D:7      | Killed Joseph
  7230 | D:7      | Reached skill level 12 in Maces & Flails
  7523 | D:8      | Found a broken altar of Ashenzari.
  7551 | D:8      | Reached skill level 13 in Maces & Flails
  8062 | D:8      | Found an opulent altar of Gozag.
  8866 | D:9      | Reached skill level 1 in Stealth
  9293 | D:9      | Reached XP level 11. HP: 97/97 MP: 9/10
  9485 | D:10     | Entered Level 10 of the Dungeon
  9492 | D:10     | Found a sacrificial altar of Ru.
  9552 | D:10     | Reached skill level 14 in Maces & Flails
  9636 | D:10     | Reached skill level 10 in Fighting
  9704 | D:10     | Found a shimmering blue altar of Sif Muna.
  9933 | D:10     | Noticed a tengu warrior
  9933 | D:10     | Noticed a green ugly thing
  9934 | D:10     | Noticed a tengu warrior
  9937 | D:10     | Noticed an orc knight
  9951 | D:10     | Killed a tengu warrior
  9955 | D:10     | Reached skill level 1 in Throwing
  9957 | D:10     | Noticed a brown ugly thing
  9965 | D:10     | Killed a green ugly thing
  9980 | D:10     | Killed a brown ugly thing
  9981 | D:10     | Reached skill level 15 in Maces & Flails
  9981 | D:10     | Reached skill level 15 in Armour
 10010 | D:10     | Killed a tengu warrior
 10011 | D:10     | Reached skill level 1 in Shields
 10284 | D:10     | Noticed a two-headed ogre
 10292 | D:10     | Killed a two-headed ogre
 10365 | D:10     | Found a staircase to the Lair.
 10401 | D:10     | Killed an orc knight
 10542 | Lair:1   | Entered Level 1 of the Lair of Beasts
 10581 | Lair:1   | Noticed Urug
 10587 | Lair:1   | Killed Urug
 10588 | Lair:1   | Reached XP level 12. HP: 110/110 MP: 9/11
 10647 | Lair:1   | Reached skill level 16 in Maces & Flails
 10665 | Lair:1   | You fall into a shaft and drop 1 floor!
 12319 | Lair:2   | Gained mutation: You occasionally lose the ability to drink
                  | potions when taking damage. [potion of mutation]
 12319 | Lair:2   | Gained mutation: You are partially covered in iridescent
                  | scales. (AC +2) [potion of mutation]
 12320 | Lair:2   | Lost mutation: You are partially covered in iridescent
                  | scales. (AC +2) [potion of mutation]
 12320 | Lair:2   | Lost mutation: You occasionally lose the ability to drink
                  | potions when taking damage. [potion of mutation]
 12320 | Lair:2   | Gained mutation: You are agile. (Dex +4, Str/Int -1)
                  | [potion of mutation]
 12320 | Lair:2   | Gained mutation: You sometimes lose your temper in combat.
                  | [potion of mutation]
 12440 | Lair:2   | Reached skill level 17 in Maces & Flails
 12516 | Lair:2   | Found a hole to the Spider Nest.
 13059 | Spider:1 | Entered Level 1 of the Spider Nest
 13059 | Spider:1 | Noticed a broodmother
 13089 | Spider:1 | Slain by a broodmother

Illustrated notes

Levels and vault maps discovered:
D:1:      wander_arrival_lonely_grave, layout_basic
D:2:      layout_loops_corners, basic_altar
D:3:      layout_loops_corners, minmay_overflow_temple_hex, serial_shops,
          nicolae_shop_hallway_plus
D:4:      kennysheep_kobold_camp, layout_gridville, minmay_manual_monstrance
D:5:      layout_loops_cross, kennysheep_little_box, marbit_many_paths,
          temple_statues, serial_shops, nicolae_shop_advertising_works
          [nicolae_subvault_shop_adworks], lexackson_kobold_supper, uniq_edmund,
          uniq_eustachio, uniq_prince_ribbit1
D:6:      layout_loops_ring, overflow_temple_1_default,
          cheibrodos_sewer_entry_drain
D:7:      layout_cave_pools, nicolae_ossuary_entry_plus, nzn_random_ring,
          uniq_maggie, uniq_joseph
D:8:      layout_cave_pools, mainiacjoe_overflow_big_doors
D:9:      layout_grid_maze, serial_ice, serial_ice_k, serial_ice_a,
          serial_ice_b, serial_ice_o
D:10:     minmay_bloctagon, layout_rooms, led_sif_book,
          mainiacjoe_overflow_alcove_1, lair_entry_dummy
Lair:1:   layout_roguey, grunt_megastairs_3, serial_bayou_shore_a,
          serial_bayou_shore_b, uniq_urug
Lair:2:   layout_hall_layers, spider_nest_entry_web_field
Spider:1: layout_spider_delve, uniq_roxanne

Skill      XL: |  1  2  3  4  5  6  7  8  9 10 11 12 |
---------------+-------------------------------------+-----
Maces & Flails | 4 5 6 7 8 9 11 13 15 17 | 17.1
Fighting       | 4 5 6 8 9 11 12 | 12.6
Armour         | 3 4 7 9 11 13 15 16 | 16.5
Dodging        | 3 4 5 |  5.2
Axes           | 2 4 |  4.4
Stealth        | 1 2 |  2.0
Throwing       | 3 |  3.1
Shields        | 2 4 |  4.2

Action                     |  1- 3 |  4- 6 |  7- 9 | 10-12 || total
---------------------------+-------+-------+-------+-------++-------
  Melee: Mace              |    88 |   124 |    78 |       ||   290
         Headbutt          |    11 |    19 |   101 |   149 ||   280
         Punch             |     1 |     2 |     6 |       ||     9
         War axe           |       |       |    56 |       ||    56
         Flail             |       |       |   326 |    19 ||   345
         Morningstar       |       |       |       |   507 ||   507
  Throw: Dart              |       |       |       |    22 ||    22
 Invoke: Berserk           |       |     3 |     4 |     7 ||    14
         Trog's Hand       |       |     3 |     3 |     4 ||    10
         Brothers in Arms  |       |       |     1 |     6 ||     7
    Use: Scroll            |       |       |     8 |     7 ||    15
         Potion            |       |       |       |    13 ||    13
 Armour: Animal skin       |     6 |       |       |       ||     6
         Chain mail        |    47 |   108 |   249 |       ||   404
         Plate armour      |       |       |     1 |   604 ||   605
         Skin              |       |       |     1 |       ||     1
  Dodge: Dodged            |    42 |    50 |   208 |   275 ||   575
  Block: Orb               |       |       |       |    73 ||    73
         Reflection        |       |       |       |     2 ||     2

Table legend: (Time is in decaauts)
 A = Elapsed time spent in this place.
 B = Non-inter-level travel time spent in this place.
 C = Inter-level travel time spent in this place.
 D = Time resting spent in this place.
 E = Time spent auto-exploring this place.
 F = Levels seen in this place.
 G = Mean time per level.
                   A        B        C        D        E       F      G
               +--------+--------+--------+--------+--------+-----+--------+
         Total |  13142 |  12443 |    699 |   1524 |   7814 |  15 |  876.1 |
       Dungeon |  10122 |   9514 |    608 |    863 |   6292 |  10 | 1012.2 |
          Lair |   2482 |   2391 |     91 |    661 |   1272 |   2 | 1241.0 |
   Spider Nest |     26 |     26 |      0 |      0 |      0 |   1 |   26.0 |
         Sewer |    357 |    357 |      0 |      0 |    176 |   1 |  357.0 |
       Ossuary |    153 |    153 |      0 |      0 |     74 |   1 |  153.0 |
               +--------+--------+--------+--------+--------+-----+--------+

Top non-repeatable levels by time:
  Lair:2: 1639 daAuts
     D:4: 1509 daAuts
     D:9: 1399 daAuts
     D:5: 1211 daAuts
     D:7: 1093 daAuts
     D:3: 1059 daAuts
    D:10: 1041 daAuts
     D:2: 946 daAuts
  Lair:1: 843 daAuts
     D:6: 729 daAuts
     D:8: 570 daAuts
     D:1: 562 daAuts
   Sewer: 357 daAuts
 Ossuary: 153 daAuts
Spider:1: 26 daAuts
